 Dungeon Crawl Stone Soup version 0.28-a0-21-gf74fda84f9 (webtiles) character file.

Game seed: 9785694286341005765

35 robertstho the Skirmisher (level 3, 0/30 HPs)
             Began as a Barachi Berserker on July 26, 2021.
             Was a Follower of Trog.
             Slain by a quokka (2 damage)
             ... on level 2 of the Dungeon.
             The game lasted 00:01:33 (738 turns).

robertstho the Skirmisher (Barachi Berserker)        Turns: 738, Time: 00:01:34

Health: 0/30       AC:  6    Str: 19    XL:     3   Next: 35%
Magic:  3/3        EV: 10    Int:  7    God:    Trog [*.....]
Gold:   66         SH:  0    Dex: 11    Spells: 2/2 levels left

rFire   . . .      SeeInvis .   a - +0 falchion
rCold   . . .      Faith    .   (no shield)
rNeg    . . .      Spirit   .   d - +0 scale mail
rPois   .          Reflect  .   (no helmet)
rElec   .          Harm     .   (no cloak)
rCorr   .          Rampage  .   (no gloves)
Will    .....                   (no boots)
Stlth   ..........              (no amulet)
HPRegen 0.10/turn               (no ring)
MPRegen 0.08/turn               (no ring)

@: unable to hop, on berserk cooldown, slow
A: amphibious, slowness 1, strong legs 1, +LOS
a: Hop, Renounce Religion, Berserk


You were on level 2 of the Dungeon.
You worshipped Trog.
Trog was aware of your devotion.
You visited 1 branch of the dungeon, and saw 2 of its levels.

You collected 66 gold pieces.

Inventory:

Hand Weapons
 a - a +0 falchion (weapon)
Armour
 d - a +0 scale mail (worn)
Scrolls
 b - a scroll of teleportation
 c - a scroll of noise {unknown}


   Skills:
 * Level 4.2 Fighting
 + Level 4.1 Long Blades
 * Level 3.1 Armour
 * Level 2.5 Dodging


You had 2 spell levels left.
You didn't know any spells.
Your spell library was empty.

Dungeon Overview and Level Annotations

Branches:
Dungeon (2/15)

Altars:

Annotations:
D:2 Robin


Innate Abilities, Weirdness & Mutations

You are amphibious.
You cover ground slowly.
You can hop short distances.
You have an extended range of vision and can be seen from far away.


Message History

The goblin hits you but does no damage.
It was a potion of magic.
Magic courses through your body.
The hobgoblin no longer looks unusually strong.
Robin roars a battlecry!
The hobgoblin goes into a battle-frenzy!
The goblin hits you with a +0 dagger. The goblin closely misses you.
The goblin hits you with a +0 dagger.
* * * LOW HITPOINT WARNING * * *
The goblin hits you but does no damage.
Okay, then.
You aren't carrying any potions.
As you read the scroll labelled MACUIF DI AMAZ, it crumbles to dust.
You feel strangely unstable.
It was a scroll of teleportation.
The hobgoblin no longer looks unusually strong.
The goblin barely misses you. The goblin hits you with a +0 club.
* * * LOW HITPOINT WARNING * * *
Okay, then.
You closely miss the goblin.
Your surroundings suddenly seem different.
Found an escape hatch in the floor.
Found an escape hatch in the ceiling.
Found a stone staircase leading down.
The goblin misses you.
The goblin no longer looks unusually strong. x3
The goblin closely misses you.
You riposte.
You hit the goblin but do no damage.
A quokka comes into view.
The hobgoblin no longer looks unusually strong.
The goblin hits you with a +0 club.
* * * LOW HITPOINT WARNING * * *
Hop to where?
Press: ? - help, Dir - move target Boing!
The quokka bites you.
* * * LOW HITPOINT WARNING * * *
The quokka bites you.
* * * LOW HITPOINT WARNING * * *
The goblin hits you but does no damage.
You feel yourself speed up.
The quokka bites you but does no damage. x2
The quokka bites you.
You die...

#.. #.## ...### # #....
#.#... .#.. # ## ?.##.###
.. ####......#
###.#########Jg.@...#
$.........gg..grg..#....#
...g...######....#.# .#
.......# #.####.#
.......# #.. # ####..##
#..# ##.# #... #.. #.###
##. #.#


You could see an endoplasm, a quokka, 2 hobgoblins and 3 goblins.

Vanquished Creatures
  An adder (D:2)
  A ball python (D:1)
  A giant cockroach (D:1)
  6 goblins
  A hobgoblin (D:2)
  4 jackals
  3 kobolds
  A quokka (D:1)
  2 bats
  A frilled lizard (D:1)
  2 rats
23 creatures vanquished.

Notes
Turn   | Place    | Note
-------+----------+-------------------------------------------
     0 | D:1      | robertstho the Barachi Berserker began the quest for the
                  | Orb.
     0 | D:1      | Reached XP level 1. HP: 18/18 MP: 1/1
   476 | D:1      | Reached XP level 2. HP: 25/25 MP: 2/2
   562 | D:1      | You fall into a shaft and drop 1 floor!
   661 | D:2      | Reached XP level 3. HP: 26/30 MP: 3/3
   705 | D:2      | Noticed Robin
   738 | D:2      | Slain by a quokka

Illustrated notes

Levels and vault maps discovered:
D:1:      minmay_arrival_five_plusses, layout_basic, kennysheep_minor_cross
D:2:      layout_basic, uniq_robin

Skill      XL: |  1  2  3 |
---------------+----------+-----
Fighting       | 4 |  4.2
Long Blades    | 4 |  4.1
Armour         | 3 |  3.1
Dodging        | |  2.5

Action                   || total
-------------------------++-------
Melee: Falchion          ||    62
Invok: Berserk           ||     1
 Abil: Hop               ||     1
  Use: Scroll            ||     1
       Potion            ||     1
Armor: Scale mail        ||    32
       Animal skin       ||     4
Dodge: Dodged            ||    44
       Rpst.: Falchion   ||    15

Table legend: (Time is in decaauts)
 A = Elapsed time spent in this place.
 B = Non-inter-level travel time spent in this place.
 C = Inter-level travel time spent in this place.
 D = Time resting spent in this place.
 E = Time spent auto-exploring this place.
 F = Levels seen in this place.
 G = Mean time per level.
                   A        B        C        D        E       F      G
               +--------+--------+--------+--------+--------+-----+--------+
         Total |    838 |    820 |     18 |      0 |    656 |   2 |  419.0 |
       Dungeon |    838 |    820 |     18 |      0 |    656 |   2 |  419.0 |
               +--------+--------+--------+--------+--------+-----+--------+

Top non-repeatable levels by time:
     D:1: 632 daAuts
     D:2: 206 daAuts
